 Dungeon Crawl Stone Soup version 0.28.0-62-gf88900778d (webtiles) character file.

Game seed: 15438376591303849356

396 cbfl8 the Chopper (level 6, 0/56 HPs)
             Began as a Minotaur Monk on Sept 12, 2023.
             Succumbed to an orc wizard's poison
             ... on level 3 of the Dungeon.
             The game lasted 00:02:13 (3210 turns).

cbfl8 the Chopper (Minotaur Monk)                   Turns: 3210, Time: 00:02:14

Health: 0/56       AC:  6    Str: 15    XL:     6   Next: 52%
Magic:  5/5        EV: 10    Int:  7    God:
Gold:   49         SH:  0    Dex: 15    Spells: 5/5 levels left

rFire   . . .      SeeInvis .   a - +0 hand axe
rCold   . . .      Faith    .   (no shield)
rNeg    . . .      Spirit   .   f - +0 scale mail
rPois   .          Reflect  .   (helmet restricted)
rElec   .          Harm     .   (no cloak)
rCorr   .          Rampage  .   (no gloves)
Will    .....                   (no boots)
Stlth   +.........              (no amulet)
HPRegen 0.18/turn               (no ring)
MPRegen 0.09/turn               (no ring)

@: lethally poisoned (0 -> -20)
A: horns 2, retaliatory headbutt
a: no special abilities


You were on level 3 of the Dungeon.
You visited 1 branch of the dungeon, and saw 3 of its levels.

You collected 49 gold pieces.

Inventory:

Hand Weapons
 a - a +0 hand axe (weapon)
Armour
 f - a +0 scale mail (worn)
Scrolls
 b - a scroll of enchant armour
 c - a scroll of summoning
 e - 2 scrolls of magic mapping


   Skills:
 + Level 5.2 Fighting
 + Level 6.1 Axes
 + Level 3.1 Armour
 - Level 3.2 Dodging
 - Level 1.5 Stealth
 * Level 2.6 Evocations


You had 5 spell levels left.
You didn't know any spells.
Your spell library contained the following spells:

 Spells                   Type           Power      Damage    Failure   Level
 Summon Small Mammal      Summ           0%         N/A       87%         1
 Call Canine Familiar     Summ           0%         N/A       99%         3
 Summon Guardian Golem    Hex/Summ       0%         N/A       99%         3


Dungeon Overview and Level Annotations

Branches:
Dungeon (3/15)

Altars:


Innate Abilities, Weirdness & Mutations

You have a pair of horns on your head.
You reflexively headbutt those who attack you in melee.


Message History

You are more poisoned.
You hit the orc.
You kill the orc!
You hit something.
You feel very sick. The orc hits you but does no damage. Something hits you.
You feel very sick.
A goblin comes into view. It is wielding a +0 dagger.
The orc barely misses you. Something hits you.
You are more poisoned.
The goblin shouts!
You hit the orc. Your punch misses the orc.
The orc is moderately wounded.
You hit something but do no damage.
You feel very sick. The orc barely misses you. Something hits you.
You are lethally poisoned!
You aren't carrying any potions.
Unknown command.
As you read the scroll of summoning, it crumbles to dust.
Wisps of shadow whirl around you...
* * * LOW HITPOINT WARNING * * *
You feel extremely sick. The orc hits you with a +0 trident.
* * * LOW HITPOINT WARNING * * *
Something hits you.
* * * LOW HITPOINT WARNING * * *
You swap places.
* * * LOW HITPOINT WARNING * * *
You feel very sick. The orc barely misses you.
Your gnoll completely misses the orc.
Your frilled lizard closely misses something.
Your gnoll hits the orc with a +0 flail.
The orc dies!
There are no items here.
Unknown command.
There is a lethal amount of poison in your body!
There is a lethal amount of poison in your body!
There is a lethal amount of poison in your body!
You die...

... #.. #.g . #..
..###.. .......
#...g.)## #...ggg##
####.S.@# . ###.l# ...
##.#####.... #......#
#....#.... .
##########.# ....
........##.##..........#
##.....................#
#.......##....[........


You could see 4 friendly gnolls, a friendly adder (summoned) and a friendly
frilled lizard (summoned).

Vanquished Creatures
  Sigmund (D:2)
  An ogre (D:2)
  An orc priest (D:3)
  2 adders
  A worm (D:2)
  6 dart slugs
  6 orcs (D:3)
  4 endoplasms
  3 giant cockroaches (D:2)
  11 hobgoblins
  2 quokkas (D:2)
  6 ball pythons
  5 bats
  5 frilled lizards
  13 goblins
  6 kobolds
  9 rats
82 creatures vanquished.

Vanquished Creatures (collateral kills)
  An orc (D:3)
1 creature vanquished.

Grand Total: 83 creatures vanquished

Notes
Turn   | Place    | Note
-------+----------+-------------------------------------------
     0 | D:1      | cbfl8 the Minotaur Monk began the quest for the Orb.
     0 | D:1      | Reached XP level 1. HP: 19/19 MP: 0/0
   270 | D:1      | Reached skill level 4 in Axes
   270 | D:1      | Reached XP level 2. HP: 27/27 MP: 1/1
   462 | D:1      | Reached skill level 1 in Evocations
   724 | D:1      | Reached XP level 3. HP: 28/33 MP: 2/2
  1084 | D:1      | Found a faded altar of an unknown god.
  1314 | D:2      | Noticed Sigmund
  1760 | D:2      | Killed Sigmund
  1761 | D:2      | Reached skill level 5 in Axes
  1761 | D:2      | Reached XP level 4. HP: 20/41 MP: 3/3
  1761 | D:2      | Reached XP level 5. HP: 23/47 MP: 4/4
  2021 | D:2      | Noticed an ogre
  2036 | D:2      | Killed an ogre
  2037 | D:2      | Reached skill level 5 in Fighting
  2037 | D:2      | Reached XP level 6. HP: 7/56 MP: 5/5
  2984 | D:3      | Reached skill level 6 in Axes
  3210 | D:3      | Succumbed to an orc wizard's poison

Illustrated notes

Levels and vault maps discovered:
D:1:      erik_arrival_triangle_large, layout_basic,
          chequers_ecumenical_altar_simple
D:2:      minmay_diamond_boxcup, layout_rooms, minmay_bisected, uniq_sigmund
D:3:      layout_rooms, grunt_ministairs_11

Skill      XL: |  1  2  3  4  5  6 |
---------------+-------------------+-----
Axes           | 4 5 6 |  6.1
Fighting       | 4 5 |  5.2
Evocations     | 1 2 |  2.6
Armour         | 2 3 |  3.1
Dodging        | |  3.2
Stealth        | |  1.5

Action                   |  1- 3 |  4- 6 || total
-------------------------+-------+-------++-------
Melee: Hand axe          |    76 |   103 ||   179
       Headbutt          |    14 |    20 ||    34
       Punch             |       |     1 ||     1
  Use: Scroll            |       |     4 ||     4
       Potion            |       |     2 ||     2
 Stab: Sleeping          |     1 |       ||     1
       Distracted        |       |     1 ||     1
Armor: Ring mail         |    16 |       ||    16
       Robe              |     1 |       ||     1
       Scale mail        |     7 |    38 ||    45
Dodge: Dodged            |    37 |    48 ||    85
